 Dungeon Crawl Stone Soup version 0.29-a0-824-gd827844252 (webtiles) character file.

Game seed: 16264715542837239961

238 buhh the Insei (level 6, -2/42 HPs)
             Began as an Octopode Transmuter on July 9, 2022.
             Slain by an ogre
             ... wielding a +0 giant spiked club
              (21 damage)
             ... on level 4 of the Dungeon.
             The game lasted 00:01:55 (3774 turns).

buhh the Insei (Octopode Transmuter)                Turns: 3774, Time: 00:01:55

Health: -2/42      AC:  1    Str: 10    XL:     6   Next: 7%
Magic:  2/9        EV: 14    Int: 17    God:
Gold:   280        SH:  0    Dex: 12    Spells: 3/9 levels left

rFire   . . .      SeeInvis .     - Unarmed
rCold   . . .      Faith    .   (no shield)
rNeg    . . .      Spirit   .   (helmet restricted)
rPois   .          Reflect  .   (no amulet)
rElec   .          Harm     .   (no ring)
rCorr   .          Rampage  .   (no ring)
Will    .....                   (no ring)
Stlth   +++.......              (no ring)
HPRegen 0.14/turn               (no ring)
MPRegen 0.11/turn               (no ring)
                                (no ring)
                                (no ring)

@: mighty, very slightly contaminated
A: almost no armour, amphibious, 8 rings, camouflage 1, gelatinous body 1,
(nimble swimmer 1), tentacles
a: no special abilities


You were on level 4 of the Dungeon.
You visited 1 branch of the dungeon, and saw 4 of its levels.

You collected 280 gold pieces.

Inventory:

Magical Staves
 f - a staff of poison
Wands
 l - a wand of flame (14)
Scrolls
 b - 4 scrolls of identify {unknown}
 d - a scroll of noise {unknown}
 e - a scroll of fear {unknown}
 h - a scroll of enchant weapon {unknown}
 i - a scroll of summoning {unknown}
 k - a scroll of fog {unknown}
 n - 2 scrolls of blinking {unknown}
 o - a scroll of immolation {unknown}
 p - a scroll of torment {unknown}
Potions
 c - a potion of might
 g - a potion of heal wounds {!q!d}
 j - a potion of berserk rage {unknown}
 m - a potion of curing {unknown}


   Skills:
 + Level 3.0 Fighting
 + Level 3.5 Dodging
 - Level 2.0 Stealth
 + Level 4.2 Unarmed Combat
 - Level 2.0 Spellcasting
 - Level 2.0 Transmutations
 - Level 2.0 Poison Magic


You had 3 spell levels left.
You knew the following spells:

 Your Spells              Type           Power      Damage    Failure   Level
a - Beastly Appendage     Tmut           16%        N/A       9%          1
b - Wereblood             Tmut           8%         N/A       13%         2
c - Spider Form           Tmut/Pois      8%         N/A       26%         3

Your spell library contained the following spells:

 Spells                   Type           Power      Damage    Failure   Level
 Ensorcelled Hibernation  Hex/Ice        2%         N/A       28%         2
 Gell's Gravitas          Tloc           1%         N/A       50%         3
 Lesser Beckoning         Tloc           1%         N/A       50%         3
 Teleport Other           Tloc           1%         N/A       50%         3
 Ice Form                 Ice/Tmut       5%         N/A       77%         4
 Anguish                  Hex/Necr       0%         N/A       88%         4


Dungeon Overview and Level Annotations

Branches:
Dungeon (4/15) Zot: 20234
 Temple: D:4-7

Altars:

Annotations:
D:4 exclusion: jelly


Innate Abilities, Weirdness & Mutations

You cannot wear most types of armour.
You are amphibious.
You can wear up to eight rings at the same time.
Your skin changes colour to match your surroundings (Stealth+).
Your rubbery body absorbs attacks. (AC +1, EV +1)
((You are camouflaged when in or above water. (Stealth+)))
You have tentacles for arms and can constrict up to eight enemies at once.


Message History

You feel sick. The ball python misses you. The ball python grabs you.
The ball python constricts you. The ogre barely misses you.
You closely miss the ball python. Your grab misses the ball python.
Your squeeze misses the ball python.
You feel sick. The ball python closely misses you.
The ball python constricts you.
You closely miss the ball python. You grab the ball python.
You squeeze the ball python, but do no damage.
You constrict the ball python.
You feel sick.
You are no longer poisoned.
The ball python bites you but does no damage.
The ball python constricts you.
The ogre hits you with a +0 giant spiked club!!
Ouch! That really hurt!
* * * LOW HITPOINT WARNING * * *
Unknown command.
You escape the ball python's grasp.
You release your grip on the ball python.
The ball python attacks as you move away!
The ball python bites you.
* * * LOW HITPOINT WARNING * * *
The ball python attacks as you move away!
The ball python closely misses you. The ball python bites you.
* * * LOW HITPOINT WARNING * * *
The ball python grabs you. The ball python constricts you.
* * * LOW HITPOINT WARNING * * *
You escape the ball python's grasp.
The ball python attacks as you move away!
The ball python closely misses you. The ball python barely misses you.
The ball python grabs you. The ball python constricts you.
* * * LOW HITPOINT WARNING * * *
You escape the ball python's grasp.
It was a potion of might.
You feel very mighty all of a sudden.
Okay, then.
You bludgeon the ball python!
You kill the ball python!
It was a potion of heal wounds.
You feel much better.
The ogre hits you with a +0 giant spiked club!!
Ouch! That really hurt!
You die...

..........)..............
..................[......
.................<.....<.
.###########.########+###
### ####.########.# ..#
#.....#.......+ ..#
#.....'.......# ..#
#.....#.......# ..#
+.....#.@.....# ###
########O###..#
#...###.###+####
................
≈≈....†.)..(....
#≈..............
#≈..............
≈≈.......##>..##
≈≈..###..# #+##


You could see an ogre.

Vanquished Creatures
  A black bear (D:4)
  A jelly (D:4)
  An orc wizard (D:4)
  4 adders
  2 dart slugs
  4 orcs
  5 endoplasms
  2 giant cockroaches
  6 goblins
  4 hobgoblins
  4 kobolds
  5 quokkas
  2 ball pythons
  5 bats
  2 frilled lizards
  3 rats
51 creatures vanquished.

Vanquished Creatures (others)
  5 toadstools (D:1)
5 creatures vanquished.

Grand Total: 56 creatures vanquished

Notes
Turn   | Place    | Note
-------+----------+-------------------------------------------
     0 | D:1      | buhh the Octopode Transmuter began the quest for the Orb.
     0 | D:1      | Reached XP level 1. HP: 13/13 MP: 3/3
   320 | D:1      | Reached XP level 2. HP: 18/18 MP: 3/5
   541 | D:1      | Learned a level 2 spell: Wereblood
   715 | D:1      | Found a faded altar of an unknown god.
  1300 | D:2      | Reached XP level 3. HP: 23/23 MP: 4/6
  2135 | D:3      | Reached XP level 4. HP: 21/29 MP: 7/7
  3106 | D:4      | Found Lerchats's Assorted Antiques.
  3190 | D:4      | Reached XP level 5. HP: 20/35 MP: 8/8
  3437 | D:4      | Learned a level 3 spell: Spider Form
  3668 | D:4      | Noticed a black bear
  3679 | D:4      | Killed a black bear
  3680 | D:4      | Reached skill level 4 in Unarmed Combat
  3680 | D:4      | Reached XP level 6. HP: 34/42 MP: 6/9
  3762 | D:4      | HP: 2/42 [ball python (2)]
  3770 | D:4      | HP: 1/42 [constriction (1)]
  3774 | D:4      | Slain by an ogre

Illustrated notes

Levels and vault maps discovered:
D:1:      ldierk_walled_garden, layout_loops_ring,
          dreamdust_ecumenical_altar_sealed_demon
D:2:      layout_basic
D:3:      layout_rooms, minmay_randomly_rotated_circles
D:4:      layout_gridville, serial_shops, nicolae_shop_waterfront,
          lightli_minifort

Skill      XL: |  1  2  3  4  5 |
---------------+----------------+-----
Stealth        | 1 2 |  2.0
Poison Magic   | 1 2 |  2.0
Fighting       | 2 3 |  3.0
Dodging        | 3 |  3.5
Unarmed Combat | 4 |  4.2
Spellcasting   | |  2.0
Transmutations | |  2.0

Action                   |  1- 3 |  4- 6 || total
-------------------------+-------+-------++-------
Melee: Unarmed           |    60 |    68 ||   128
       Tentacles         |     9 |     8 ||    17
       Kick              |    14 |     9 ||    23
       Constrict         |    14 |     9 ||    23
       Punch             |       |     2 ||     2
 Cast: Beastly Appendage |    17 |    11 ||    28
       Spider Form       |       |     2 ||     2
  Use: Potion            |       |     4 ||     4
 Stab: Sleeping          |     4 |     3 ||     7
Armor: Skin              |     2 |    21 ||    23
Dodge: Dodged            |    34 |    55 ||    89

Table legend: (Time is in decaauts)
 A = Elapsed time spent in this place.
 B = Non-inter-level travel time spent in this place.
 C = Inter-level travel time spent in this place.
 D = Time resting spent in this place.
 E = Time spent auto-exploring this place.
 F = Levels seen in this place.
 G = Mean time per level.
                   A        B        C        D        E       F      G
               +--------+--------+--------+--------+--------+-----+--------+
         Total |   3764 |   3715 |     49 |    242 |   3093 |   4 |  941.0 |
       Dungeon |   3764 |   3715 |     49 |    242 |   3093 |   4 |  941.0 |
               +--------+--------+--------+--------+--------+-----+--------+

Top non-repeatable levels by time:
     D:2: 1094 daAuts
     D:1: 968 daAuts
     D:4: 894 daAuts
     D:3: 807 daAuts
